 Dungeon Sprint DCSS version 0.30-a0-728-gc68057be0a (webtiles) character file.

Game seed: 160017591361265723

0 rocky1 the Slasher (level 1, -2/16 HPs)
             Began as a Merfolk Gladiator on Feb 1, 2023.
             Was an Initiate of Gozag.
             Slain by a kobold brigand
             ... wielding a +0 short sword
              (7 damage)
             ... in the Dungeon (Sprint VI: "Thunderdome").
             The game lasted 00:00:58 (92 turns).

rocky1 the Slasher (Merfolk Gladiator)                Turns: 92, Time: 00:00:58

Health: -2/16      AC:  4    Str: 14    XL:     1   Next: 40%
Magic:  1/1        EV: 13    Int:  7    God:    Gozag
Gold:   254        SH:  0    Dex: 15    Spells: 0/0 levels left

rFire   . . .      SeeInvis .    a - +0 long sword
rCold   . . .      Faith    .    (no shield)
rNeg    . . .      Spirit   .    b - +0 leather armour
rPois   .          Reflect  .    c - +0 helmet
rElec   .          Harm     .    (no cloak)
rCorr   .          Rampage  .    (no gloves)
Will    .....      NoTele   +    (no boots)
Stlth   +                        (no amulet)
HPRegen 0.22/turn                (no ring)
MPRegen 0.07/turn                (no ring)

@: gold aura
A: (nimble swimmer 2), mertail
a: Renounce Religion, Potion Petition, Call Merchant, Bribe Branch


You were in the Dungeon.
You worshipped Gozag.
Gozag was aware of your devotion.
You visited 1 branch You collected 254 gold pieces.

Inventory:

Hand Weapons
 a - a +0 long sword (weapon)
Armour
 b - a +0 leather armour (worn)
 c - a +0 helmet (worn)
Wands
 m - a wand of light (5)
 n - a wand of iceblast (5)
Scrolls
 k - 4 scrolls of blinking
 o - 3 scrolls of fog
Potions
 f - a potion of curing
 g - 4 potions of heal wounds
 h - 4 potions of haste
 i - 2 potions of magic
 j - a potion of berserk rage
 l - a potion of resistance


   Skills:
 - Level 2.3 Fighting
 + Level 4.4 Long Blades
 - Level 2.2 Throwing
 - Level 4.3 Dodging


You couldn't memorise any spells.
You didn't know any spells.
Your spell library was empty.

Dungeon Overview and Level Annotations

Branches:
Dungeon (1/1)

Altars:
Cheibriados
Dithmenos
Fedhas
Gozag
Kikubaaqudgha
Makhleb
Okawaru
Qazlal
Ru
Sif Muna
Trog
Uskayaw
Vehumet
Wu Jian
Xom
Yredelemnul
Zin
The Shining One
Lugonu

Shops:
D *[??*?*:[((!!!!


Innate Abilities, Weirdness & Mutations

((You are very nimble when in or above water. (Stealth+, EV+, Speed+++)))
Your lower body shifts to a powerful aquatic tail in water.


Message History

Aim: a kobold brigand, wielding a +0 short sword and quivering poisoned darts (53% to hit)
You throw a throwing net.
The throwing net completely misses the kobold brigand.
The kobold brigand hits you but does no damage.
Throw: 2 throwing nets
Press: ? - help, Q - select action, (/) - cycle Shift-Dir - straight line, f/p - kobold brigand
Aim: a kobold brigand, wielding a +0 short sword and quivering poisoned darts (53% to hit)
You throw a throwing net.
The throwing net closely misses the kobold brigand.
The kobold brigand hits you with a +0 short sword.
Throw: throwing net
Press: ? - help, Q - select action, (/) - cycle Shift-Dir - straight line, f/p - kobold brigand
Aim: a kobold brigand, wielding a +0 short sword and quivering poisoned darts (53% to hit)
You throw a throwing net.
The throwing net closely misses the kobold brigand.
The kobold brigand completely misses you.
Throw: javelin
Press: ? - help, Q - select action, (/) - cycle Shift-Dir - straight line, f/p - kobold brigand
Aim: a kobold brigand, wielding a +0 short sword and quivering poisoned darts (53% to hit)
You throw a javelin.
The javelin completely misses the kobold brigand.
The kobold brigand hits you with a +0 short sword.
You hit the kobold brigand.
The kobold brigand is lightly wounded.
The kobold brigand barely misses you.
You slash the kobold brigand!
The kobold brigand is heavily wounded.
The kobold brigand closely misses you.
The kobold brigand hits you with a +0 short sword.
You slash the kobold brigand!
The kobold brigand is severely wounded.
The kobold brigand hits you with a +0 short sword.
You hit the kobold brigand but do no damage.
The kobold brigand is severely wounded.
The kobold brigand hits you with a +0 short sword.
You hit the kobold brigand.
The kobold brigand is almost dead.
The kobold brigand hits you with a +0 short sword!
You die...
Your body crumbles into a pile of gold.

##⌠⌠⌠## #.....# ##.....##
##∩.....∩## #∩.......∩#
#........_# #_...K..._#
#_....@$._# ###.........###
#⌠...........⌠#
######.8.........8.######
##.___.....)###......___∩##
##∩........8.# #.8........∩###
.............###.............#
..........###...###..........⌠
..........# #.<.# #..........⌠


You could see a kobold brigand.

Vanquished Creatures
  A goblin (D)
  A hobgoblin (D)
2 creatures vanquished.

Notes
Turn   | Place    | Note
-------+----------+-------------------------------------------
     0 | D        | rocky1 the Merfolk Gladiator began the quest for the Orb.
     0 | D        | Reached XP level 1. HP: 16/16 MP: 1/1
     3 | D        | Found a stormy altar of Qazlal.
     4 | D        | Found a glowing silver altar of Zin.
     5 | D        | Found a glowing golden altar of the Shining One.
     5 | D        | Found a bloodstained altar of Trog.
     5 | D        | Round 1.
     6 | D        | Found a hide-covered altar of Uskayaw.
     6 | D        | Found a shadowy altar of Dithmenos.
     6 | D        | Found Xeumneib's Premium Goods.
     6 | D        | Found Iroblil's Weapon Rack.
     7 | D        | Found Woleutte's Miscellaneous Merchandise.
     7 | D        | Found Zellazefu's Basic Armour.
     9 | D        | Found a snail-covered altar of Cheibriados.
    11 | D        | Found a basalt altar of Yredelemnul.
    12 | D        | Found Soss's Do-It-Yourself Clinic.
    12 | D        | Found an opulent altar of Gozag.
    12 | D        | Found an ornate altar of the Wu Jian Council.
    12 | D        | Found a corrupted altar of Lugonu.
    12 | D        | Found Hett's Distillery.
    13 | D        | Found Hiddez's Bottled Wisdom.
    13 | D        | Found Jukhy's Distillery.
    16 | D        | Found a blossoming altar of Fedhas.
    20 | D        | Became a worshipper of Gozag Ym Sagoz the Greedy
    22 | D        | Found a sacrificial altar of Ru.
    23 | D        | Found an iron altar of Okawaru.
    23 | D        | Found Hadunuph's Staff Store.
    25 | D        | Found a shimmering altar of Xom.
    25 | D        | Found a shimmering blue altar of Sif Muna.
    25 | D        | Found Qesei's Magic Scroll Shop.
    26 | D        | Found Horghoni's Must-Have Magic.
    26 | D        | Found Yqeczip's Magic Scroll Shop.
    30 | D        | Found a burning altar of Makhleb.
    33 | D        | Found a radiant altar of Vehumet.
    37 | D        | Found an ancient bone altar of Kikubaaqudgha.
    40 | D        | Found Rakal's Jewellery.
    40 | D        | Found Hurooly's Advanced Armour.
    43 | D        | Found Ibruwes's Identification Station.
    79 | D        | Noticed a kobold brigand
    92 | D        | Slain by a kobold brigand

Illustrated notes

Levels and vault maps discovered:
D:        arena_sprint

Skill      XL: |  1 |
---------------+----+-----
Long Blades    | 4 |  4.4
Fighting       | |  2.3
Throwing       | |  2.2
Dodging        | |  4.3

Action                     || total
---------------------------++-------
  Melee: Long sword        ||     8
  Throw: Throwing net      ||     3
         Javelin           ||     1
 Armour: Leather armour    ||     2
  Dodge: Dodged            ||     5

Table legend: (Time is in decaauts)
 A = Elapsed time spent in this place.
 B = Non-inter-level travel time spent in this place.
 C = Inter-level travel time spent in this place.
 D = Time resting spent in this place.
 E = Time spent auto-exploring this place.
 F = Levels seen in this place.
 G = Mean time per level.
                   A        B        C        D        E       F      G
               +--------+--------+--------+--------+--------+-----+--------+
         Total |     93 |     93 |      0 |      0 |      0 |   1 |   93.0 |
       Dungeon |     93 |     93 |      0 |      0 |      0 |   1 |   93.0 |
               +--------+--------+--------+--------+--------+-----+--------+

Top non-repeatable levels by time:
       D: 93 daAuts
